Map: Ley Lines

Players

Serral - Winner!

  • Race: Zerg Zerg
  • League: Master
  • Spawn Location: 1:00

LiquidElazer (Elazer)

  • Race: Zerg Zerg
  • Spawn Location: 7:00

Event: HomeStory Cup XXVI

VOD

Have the link to the VOD?

Description

Time

  • Played on: Nov. 30, 2024, 1 p.m.
  • Length: 17:58

All games in this series

Show
View Real Time Build Order
Export as new Build Order

Serral Zerg - Winner!

Build Orders: Hatch First, Lurkers 

Get SALT Encoding   

  12  0:00  Drone  
  13  0:12  Overlord  
  13  0:17  Drone  
  14  0:30  Drone x2  
  16  0:46  Hatchery  
  15  0:50  Drone  
  15  0:53  Drone  
  15  0:56  Drone  
  18  1:08  Extractor  
  17  1:12  Spawning Pool  
  17  1:15  Drone  
  17  1:17  Drone  
  18  1:27  Drone  
  19  1:38  Drone  
  20  1:49  Drone  
  21  1:58  Queen x2  
  25  2:01  Overlord  
  25  2:03  Drone  
  25  2:08  Drone  
  27  2:09  Metabolic Boost  
  27  2:13  Drone  
  28  2:19  Drone  
  28  2:21  Drone  
  30  2:32  Hatchery  
  30  2:34  Drone  
  30  2:37  Drone  
  30  2:41  Drone  
  32  2:45  Baneling Nest  
  32  2:49  Overlord  
  31  2:51  Drone  
  31  2:53  Zergling x2  
  33  3:03  Drone  
  33  3:04  Drone  
  35  3:06  Zergling x2  
  35  3:09  Drone x4  
  35  3:11  Drone  
  41  3:16  Overlord  
  41  3:21  Zergling x2  
  41  3:22  Queen  
  44  3:34  Zergling x4  
  44  3:39  Drone x6  
  52  3:45  Roach Warren  
  52  3:46  Drone, Extractor  
  51  3:48  Drone  
  51  3:51  Overlord  
  51  3:52  Drone  
  51  3:55  Drone  
  54  4:01  Drone  
  55  4:03  Drone  
  55  4:06  Drone  
  55  4:08  Lair  
  57  4:12  Baneling x2  
  57  4:14  Zergling x6  
  57  4:15  Drone  
  60  4:19  Zergling x4  
  62  4:26  Overlord  
  62  4:29  Baneling x2  
  62  4:34  Drone x4  
  62  4:36  Queen  
  62  4:38  Drone x2  
  65  4:40  Drone  
  65  4:45  Zergling x2  
  63  4:47  Baneling  
  63  4:48  Zergling x2  
  63  4:50  Zergling x2  
  63  4:51  Zergling x4  
  63  4:52  Drone x3  
  67  4:53  Drone  
  67  4:58  Queen  
  70  5:02  Drone x2, Baneling  
  70  5:03  Drone  
  73  5:09  Overseer  
  73  5:11  Overlord  
  73  5:13  Queen, Infestation Pit  
  73  5:14  Extractor  
  73  5:15  Evolution Chamber  
  72  5:22  Spore Crawler, Queen  
  72  5:24  Spore Crawler x2, Drone  
  72  5:25  Drone  
  72  5:26  Glial Reconstitution  
  73  5:31  Drone x5  
  73  5:33  Drone  
  79  5:37  Queen  
  79  5:40  Drone  
  82  5:43  Zerg Missile Weapons Level 1  
  82  5:47  Overlord  
  82  5:48  Overlord  
  82  5:49  Extractor  
  81  5:50  Baneling x2  
  81  5:51  Spore Crawler  
  81  5:56  Drone x2  
  81  5:57  Spore Crawler, Drone  
  82  6:00  Overlord  
  82  6:03  Overlord  
  82  6:06  Drone x2  
  84  6:18  Drone x2, Queen x2  
  90  6:22  Burrow, Extractor  
  90  6:23  Drone x2  
  90  6:24  Infestor x2  
  90  6:25  Extractor  
  94  6:28  Drone x2  
  94  6:30  Spore Crawler  
  94  6:31  Extractor  
  95  6:34  Hydralisk Den  
  95  6:35  Overlord x2  
  95  6:38  Drone x2  
  95  6:39  Roach  
  98  6:40  Spore Crawler  
  98  6:43  Spore Crawler  
  98  6:44  Roach  
  98  6:51  Roach  
  98  6:52  Spore Crawler  
  96  6:58  Drone x2  
  96  6:59  Roach x2  
  96  7:00  Roach x3  
  108  7:08  Roach x3  
  113  7:11  Grooved Spines  
  113  7:18  Overlord x2  
  113  7:20  Hive  
  113  7:30  Spore Crawler  
  113  7:31  Overlord x3, Lurker Den  
  109  7:38  Drone x4  
  109  7:39  Drone, Extractor  
  109  7:40  Roach x3  
  109  7:41  Spore Crawler  
  109  7:43  Drone  
  119  7:45  Spore Crawler  
  119  7:47  Zerg Ground Armor Level 1  
  119  7:48  Overseer  
  119  7:49  Hydralisk x3  
  124  7:55  Hydralisk  
  124  7:56  Hydralisk  
  124  7:57  Spore Crawler  
  123  8:15  Hydralisk x2  
  123  8:16  Hydralisk  
  123  8:19  Drone, Roach x6  
  130  8:24  Roach x8  
  146  8:33  Overlord x4  
  146  8:34  Seismic Spines  
  146  8:36  Spore Crawler x2, Lurker  
  145  8:44  Lurker  
  145  8:46  Overlord  
  146  8:52  Lurker x2  
  148  8:58  Roach x3  
  148  8:59  Roach  
  154  9:04  Queen x4  
  154  9:10  Viper  
  154  9:14  Drone x2  
  154  9:15  Queen  
  154  9:16  Queen  
  161  9:22  Hatchery, Drone  
  161  9:23  Drone x2  
  161  9:24  Spore Crawler x2  
  149  9:31  Hydralisk  
  149  9:33  Hydralisk x5  
  149  9:34  Roach x2  
  161  9:41  Hydralisk  
  161  9:42  Hydralisk, Roach x8  
  161  9:43  Drone x15  
  161  9:44  Roach  
  166  9:50  Hydralisk x2  
  170  9:56  Spore Crawler, Overlord  
  170  9:58  Spore Crawler  
  167  10:00  Overlord  
  167  10:02  Tunneling Claws  
  167  10:05  Roach x2  
  165  10:09  Roach x2  
  165  10:13  Zerg Missile Weapons Level 2  
  151  10:16  Drone x6  
  151  10:17  Drone  
  151  10:18  Infestor  
  151  10:19  Queen  
  160  10:30  Drone  
  160  10:31  Drone x2  
  160  10:33  Drone x2, Roach x2  
  160  10:34  Spore Crawler  
  164  10:35  Spore Crawler x2  
  164  10:36  Spore Crawler  
  164  10:37  Spore Crawler  
  164  10:38  Spore Crawler, Muscular Augments  
  154  10:43  Viper  
  154  10:47  Spore Crawler  
  156  10:51  Roach x4  
  156  10:56  Lurker  
  165  10:58  Spore Crawler  
  165  10:59  Drone x2, Spore Crawler  
  165  11:00  Spore Crawler  
  164  11:07  Drone x2  
  164  11:11  Roach x4  
  172  11:16  Roach x3  
  166  11:24  Drone  
  166  11:25  Drone x5  
  169  11:26  Drone  
  169  11:30  Drone  
  169  11:31  Viper  
  174  11:36  Roach x2  
  174  11:38  Overlord  
  174  11:40  Overlord  
  168  11:48  Roach  
  168  11:50  Roach x3  
  168  11:51  Drone x3, Spore Crawler  
  168  11:52  Drone x2, Spore Crawler  
  168  11:53  Viper  
  164  11:54  Roach x2  
  164  11:55  Roach x3  
  164  11:56  Roach  
  164  11:58  Hydralisk  
  170  12:06  Spore Crawler, Roach x3  
  170  12:08  Spore Crawler  
  174  12:10  Roach  
  178  12:15  Roach  
  178  12:16  Roach x2  
  178  12:18  Extractor  
  178  12:22  Drone x2  
  173  12:24  Roach x2  
  177  12:32  Lurker  
  177  12:33  Adaptive Talons  
  174  12:38  Hydralisk x3  
  174  12:42  Roach x3  
  179  12:45  Roach x4  
  179  12:49  Extractor  
  186  12:54  Unknown  
  184  12:59  Hydralisk x2  
  184  13:00  Roach x3  
  184  13:03  Roach  
  194  13:06  Lurker  
  195  13:13  Hydralisk x2  
  195  13:20  Roach x2  
  195  13:21  Roach x4  
  195  13:22  Roach x3  
  195  13:23  Hatchery, Roach  
  195  13:26  Lurker x2  
  195  13:27  Lurker, Roach x3  
  197  13:28  Roach  
  194  13:38  Roach x3  
  194  13:39  Hydralisk x7  
  183  13:50  Hydralisk x4  
  183  13:56  Hatchery  
  172  14:03  Hydralisk x5  
  182  14:12  Overlord  
  182  14:15  Overlord  
  180  14:19  Hydralisk x3  
  184  14:29  Hatchery  
  184  14:36  Zerg Ground Armor Level 2  
  182  14:40  Hatchery  
  182  14:44  Overlord x2  
  181  14:47  Hydralisk x2  
  181  14:48  Roach  
  181  14:51  Viper  
  181  14:52  Roach x3  
  190  14:54  Viper  
  190  14:57  Lurker  
  194  15:05  Hydralisk  
  194  15:06  Hydralisk  
  180  15:09  Drone x3  
  180  15:12  Drone  
  184  15:19  Drone x4  
  184  15:26  Roach x3  
  186  15:30  Hydralisk  
  186  15:41  Roach x3  
  184  15:45  Hydralisk  
  184  15:46  Hydralisk x3  
  192  15:59  Roach  
  192  16:01  Spore Crawler  
  192  16:03  Spore Crawler x2  
  192  16:04  Spore Crawler x2  
  186  16:05  Spore Crawler  
  186  16:08  Hydralisk x2  
  181  16:32  Hydralisk x8  
  172  16:35  Roach x3  
  175  16:40  Viper x3, Roach  
  175  16:41  Roach  
  175  16:42  Unknown  
  180  16:52  Drone x7  
  181  16:58  Roach  
  178  17:01  Viper  
  178  17:02  Viper  
  178  17:05  Roach  
  178  17:06  Drone x2  
  178  17:07  Drone  
  185  17:13  Drone x2  
  185  17:15  Hydralisk x3  
  187  17:17  Roach  
  187  17:21  Ravager  
  179  17:30  Hydralisk x5  
  182  17:41  Drone  
  182  17:42  Drone x2  
  182  17:43  Drone  
Show
View Real Time Build Order
Export as new Build Order

LiquidElazer Zerg 

Build Orders: 3 Hatch before Pool 

Get SALT Encoding   

  12  0:00  Drone  
  13  0:08  Drone  
  13  0:14  Drone, Extractor  
  15  0:22  Overlord  
  15  0:40  Drone  
  16  0:45  Hatchery  
  16  0:48  Drone  
  16  0:52  Drone  
  16  0:55  Drone  
  18  1:14  Hatchery  
  17  1:18  Drone  
  18  1:29  Spawning Pool  
  18  1:32  Extractor  
  16  1:34  Drone  
  16  1:37  Drone  
  18  1:40  Drone  
  19  1:47  Drone  
  20  1:57  Drone  
  20  1:58  Drone  
  22  2:09  Drone x2  
  24  2:16  Queen  
  24  2:18  Queen  
  28  2:26  Drone x3  
  31  2:30  Drone  
  31  2:33  Metabolic Boost  
  32  2:38  Overlord  
  32  2:42  Drone  
  32  2:44  Drone  
  34  2:57  Drone x4  
  38  2:59  Overlord  
  38  3:02  Drone  
  38  3:03  Drone  
  40  3:09  Lair  
  40  3:11  Drone  
  40  3:12  Drone  
  42  3:17  Extractor  
  42  3:19  Drone, Extractor  
  41  3:20  Drone, Extractor  
  41  3:24  Drone x3  
  41  3:25  Drone  
  41  3:26  Drone  
  46  3:27  Drone  
  46  3:29  Drone  
  46  3:32  Drone  
  49  3:35  Overlord  
  49  3:41  Overlord  
  49  3:43  Zergling x2  
  50  3:54  Zergling x2, Overlord  
  51  3:59  Zergling x16  
  51  4:00  Zergling x2  
  60  4:05  Zergling x2  
  60  4:08  Spire  
  60  4:14  Overlord  
  60  4:16  Zergling x4  
  62  4:19  Zergling x4  
  64  4:26  Drone  
  64  4:30  Drone x4  
  60  4:47  Drone x6  
  60  4:51  Zergling x2  
  62  4:54  Hatchery  
  62  4:56  Zergling x4  
  62  5:02  Overlord  
  62  5:05  Overlord  
  62  5:18  Extractor  
  62  5:19  Mutalisk x7  
  62  5:21  Mutalisk  
  75  5:23  Extractor  
  75  5:24  Mutalisk  
  75  5:27  Zerg Flyer Weapons Level 1  
  78  5:36  Mutalisk  
  79  5:43  Mutalisk  
  79  5:44  Overlord  
  79  5:45  Drone x6  
  79  5:46  Drone  
  79  5:48  Drone  
  89  5:52  Mutalisk  
  91  6:00  Mutalisk  
  93  6:09  Mutalisk  
  93  6:11  Zergling x18  
  103  6:17  Drone  
  105  6:18  Mutalisk  
  105  6:20  Overlord x2  
  107  6:33  Mutalisk x2  
  107  6:37  Overlord  
  111  6:40  Overlord  
  111  6:42  Hatchery  
  111  6:43  Mutalisk  
  111  6:44  Mutalisk  
  114  6:49  Zergling x2  
  114  6:50  Zergling x10  
  117  6:55  Zergling x8  
  117  6:58  Mutalisk x2  
  125  7:08  Mutalisk x2  
  116  7:13  Overlord  
  119  7:18  Drone x5  
  119  7:22  Zerg Flyer Weapons Level 2  
  124  7:25  Drone x3  
  124  7:29  Overlord x2  
  127  7:31  Extractor  
  127  7:35  Extractor  
  125  7:38  Mutalisk  
  125  7:39  Mutalisk x3  
  125  7:41  Drone x2  
  135  7:44  Overlord  
  135  7:51  Mutalisk x2  
  135  7:55  Overlord  
  135  7:56  Drone x4  
  135  7:57  Drone  
  144  8:07  Mutalisk x3  
  144  8:12  Mutalisk  
  146  8:14  Overlord  
  146  8:18  Drone x2  
  148  8:22  Drone x3  
  148  8:24  Hatchery  
  150  8:32  Overseer, Pneumatized Carapace  
  149  8:35  Overseer  
  149  8:36  Zergling x16  
  149  8:41  Mutalisk x2  
  161  8:51  Drone x4  
  161  8:52  Drone x2  
  161  8:53  Mutalisk x2  
  171  8:57  Extractor  
  171  9:00  Mutalisk x4  
  171  9:01  Extractor  
  177  9:13  Mutalisk x2  
  173  9:30  Mutalisk  
  165  9:37  Mutalisk  
  163  9:44  Mutalisk x3  
  159  9:47  Mutalisk x3  
  159  9:49  Mutalisk  
  159  9:52  Drone x5  
  164  9:55  Mutalisk  
  160  10:01  Mutalisk x2  
  164  10:08  Drone x2  
  164  10:09  Drone  
  164  10:12  Overseer  
  157  10:14  Drone  
  157  10:15  Drone x2  
  157  10:17  Mutalisk x3  
  163  10:23  Drone  
  163  10:28  Overlord x4  
  160  10:38  Mutalisk  
  160  10:39  Mutalisk  
  162  10:47  Zerg Flyer Armor Level 1, Mutalisk x4  
  170  10:50  Mutalisk  
  170  10:52  Drone x10  
  182  10:58  Spine Crawler x2  
  182  10:59  Infestation Pit  
  182  11:00  Spine Crawler  
  182  11:02  Hatchery  
  182  11:03  Mutalisk x3  
  181  11:10  Hatchery  
  159  11:20  Drone x3  
  160  11:26  Mutalisk x5  
  160  11:31  Drone  
  160  11:32  Drone x2  
  171  11:33  Mutalisk x2  
  173  11:51  Mutalisk x5  
  173  11:53  Drone x4  
  173  11:54  Drone  
  175  12:00  Mutalisk x2  
  179  12:12  Spine Crawler, Drone x3, Spore Crawler  
  179  12:13  Spine Crawler x2, Drone x3  
  179  12:14  Spine Crawler  
  165  12:25  Mutalisk  
  165  12:26  Mutalisk x6  
  165  12:28  Drone x2  
  165  12:29  Drone  
  180  12:33  Hive  
  180  12:34  Zergling x34  
  190  13:04  Spire  
  189  13:06  Mutalisk x5  
  175  13:20  Hatchery  
  175  13:21  Mutalisk x4  
  175  13:27  Overseer x3  
  158  13:46  Drone x6  
  158  13:47  Greater Spire  
  161  13:52  Mutalisk x5  
  168  13:56  Spine Crawler x2, Drone x6  
  172  14:07  Spine Crawler x2, Spore Crawler, Corruptor x3  
  172  14:08  Spine Crawler  
  172  14:09  Spine Crawler  
  173  14:25  Corruptor x5  
  179  14:43  Zerg Flyer Weapons Level 3  
  179  14:46  Corruptor  
  179  14:47  Corruptor  
  183  15:00  Extractor  
  183  15:01  Extractor  
  159  15:08  Brood Lord x4  
  162  15:14  Drone x2  
  162  15:15  Drone x3  
  158  15:23  Brood Lord x2  
  158  15:27  Brood Lord  
  163  15:30  Drone x4  
  163  15:31  Drone x5  
  172  15:36  Spine Crawler x2  
  172  15:37  Spine Crawler  
  172  15:40  Overlord x2  
  172  15:41  Spine Crawler x2, Brood Lord x3  
  169  15:42  Spine Crawler  
  169  15:45  Spore Crawler  
  169  15:47  Spine Crawler  
  169  15:48  Spine Crawler, Drone x2, Spore Crawler  
  169  15:49  Drone x2  
  168  15:50  Spine Crawler  
  168  15:52  Spine Crawler  
  168  15:53  Spine Crawler  
  164  16:04  Drone x3  
  164  16:06  Corruptor x5  
  164  16:37  Corruptor x3  
  164  16:39  Brood Lord  
  180  16:40  Brood Lord x4  
  178  16:51  Corruptor x4  
  160  16:57  Corruptor x3  
  152  17:12  Brood Lord x3  
  158  17:20  Corruptor x2  
  162  17:24  Corruptor x4  
Tags
 
Add a new tag
Caveats
  • Supply blocks, unpowered buildings, or Contaminate may cause inaccurate times.
  • Supply counts are checked every 10 seconds.